 Dungeon Crawl Stone Soup version 0.14-a0-2746-g43b4f9c (webtiles) character file.

85313 Psiweapon the Fighter (level 15, -4/101 HPs)
             Began as a Gargoyle Fighter on Feb 21, 2014.
             Was a High Priest of Okawaru.
             Blown up by an orb spider (51 damage)
             ... with an orb of destruction
             ... on Level 5 of the Spider Nest on Feb 22, 2014.
             The game lasted 04:09:59 (29009 turns).

Psiweapon the Fighter (Gargoyle Fighter)           Turns: 29009, Time: 04:10:00

HP  -4/101       AC 33     Str 25      XL: 15   Next: 80%
MP  28/28        EV  7     Int 10      God: Okawaru [*****.]
Gold 969         SH 27     Dex  9      Spells:  0 memorised, 14 levels left

rFire  + . .     SeeInvis +     E - +8 flail "Babb" {vamp, SInv Stlth+}
rCold  + . .     Clarity  +     f - +3 plate armour {rC+}
rNeg   + + .     Conserve .     I - +0 dwarf shield
rPois  +         rCorr    .     k - -2 helmet of the Abyss {+Blink rN+ Stlth}
rElec  +         rRot     +     H - +0 cloak of the Accordion {+Rage rElec rF+ MR++}
SustAb . .       Spirit   .     W - +0 pair of elf gloves
rMut   .         Warding  .     (no boots)
Saprov . . .     Stasis   .     R - amulet of clarity
MR     ++++.                    w - ring of protection from magic
                                x - ring of sustenance

@: flying, incredibly resistant to hostile enchantments, extremely unstealthy
A: large and strong wings, life protection 1, electricity resistance,
unbreathing, petrification resistance, AC +11
a: Stop Flying, Heroism, Finesse, Renounce Religion, Evoke Blink, Evoke Berserk
Rage


You were on level 5 of the Spider Nest.
You worshipped Okawaru.
Okawaru was extremely pleased with you.
You were not hungry.

You visited 3 branches of the dungeon, and saw 23 of its levels.
You also visited: Ossuary.

You collected 1633 gold pieces.
You spent 664 gold pieces at shops.

Inventory:

Hand weapons
 a - a +6,+2 flail of freezing
 b - a +3,+2 morningstar of draining
 d - the +6,+6 crossbow "Hellfire" {hellfire, rF++ rC- MR+}
   (You found it on level 8 of the Dungeon)

   It greatly protects you from fire.
   It makes you vulnerable to cold.
   It affects your resistance to hostile enchantments.
 E - the +8,+8 flail "Babb" (weapon) {vamp, SInv Stlth+}
   (You bought it in a shop on level 4 of the Dungeon)

   It inflicts no extra harm, but heals its wielder somewhat when it strikes a
   living foe.
   It enhances your eyesight.
   It makes you much more stealthy.
Missiles
 g - 7 tomahawks
 K - 3 javelins (quivered)
 U - 53 bolts
Armour
 f - a +3 plate armour of cold resistance (worn)
 k - the -2 helmet of the Abyss (worn) {+Blink rN+ Stlth}
   (Okawaru gifted it to you on level 9 of the Dungeon)

   It protects you from negative energy.
   It lets you blink.
   It makes you more stealthy.
 H - the +0 cloak of the Accordion (worn) {+Rage rElec rF+ MR++}
   (Okawaru gifted it to you on level 5 of the Lair of Beasts)

   It protects you from fire.
   It insulates you from electricity.
   It affects your resistance to hostile enchantments.
   It lets you go berserk.
 I - a +0 dwarven shield (worn)
 T - a +2 dwarven helmet of intelligence
 W - a +0 pair of elven gloves (worn)
Magical devices
 i - a wand of polymorph (7)
 p - a wand of confusion (4)
 r - a wand of confusion (10)
 t - a wand of teleportation (4)
 C - a wand of lightning (6)
 S - a wand of teleportation (3)
 V - a wand of magic darts (10)
 X - a wand of slowing (6)
Comestibles
 j - 3 meat rations
 u - a chunk of tarantella flesh
 M - 2 cheeses
 N - 4 bread rations
 Q - 5 honeycombs
Scrolls
 m - a scroll of recharging
 o - 5 scrolls of fear
 v - 3 scrolls of fog
 y - 3 scrolls of blinking
 B - 5 scrolls of immolation
 D - a scroll of torment
 F - 3 scrolls of teleportation
 G - 4 scrolls of remove curse
 J - a scroll of identify
Jewellery
 w - a ring of protection from magic (right hand)
 x - a ring of sustenance (left hand)
 A - an uncursed amulet of warding
 R - an amulet of clarity (around neck)
Potions
 e - 2 potions of speed
 h - 5 potions of might
 l - 2 potions of restore abilities
 q - a potion of brilliance
 s - 7 potions of curing
 z - 2 potions of agility
 L - 4 potions of resistance
 O - 4 potions of invisibility
 P - 3 potions of berserk rage
 Z - a potion of magic
Miscellaneous
 c - a plain deck of defence {the Banshee}
 n - a stone of tremors
 Y - a plain deck of wonders {the Potion}


   Skills:
 + Level 14.6 Fighting
 + Level 12.4 Maces & Flails
 + Level 14.5 Armour
 - Level 12.6 Shields
 - Level 8.4 Invocations
 + Level 10.2 Evocations


You had 14 spell levels left.
You didn't know any spells.

Dungeon Overview and Level Annotations

Branches:
Dungeon (10/16)            Temple (0/1) D:7            Lair (8/8) D:9
 Shoals (0/5) Lair:4       Spider (5/5) Lair:4        Slime (0/6) Lair:7
    Orc: D:9-12

Altars:
Ashenzari
Elyvilon
Kikubaaqudgha
Makhleb
Okawaru
Trog
Xom
Yredelemnul
The Shining One
Jiyva

Shops:
D:4 (??(:   D:5 *   D:8 [   D:9 /

Annotations:
D:3 1 exclusion
D:10 Erica; Nergalle; johnnyringsting's ghost, experienced MiAr
Spider:3 exclusion: Roxanne, Roxanne


Innate Abilities, Weirdness & Mutations

You are resistant to torment.
You are immune to poison.
You can fly continuously.
Your stone body is very resilient (AC +11).
Your wings are large and strong.
You resist negative energy.
You are resistant to electric shocks.
You can survive without breathing.
You are immune to petrification.


Message History

Okawaru accepts your kill. Something appears at your feet!
Okawaru grants you a gift!
T - a glowing dwarven helmet {god gift} The orb spider weaves a glowing orb of energy.
The orb spider begins to weave its threads into a brightly glowing ball.
Use which ability? (? or * to list)
You blink.
You feel slightly more hungry.
You bludgeon the orb spider!!
The orb spider is heavily wounded.
The orb spider weaves a glowing orb of energy.
The wavering orb of destruction hits you!
You sock the orb spider!
You feel better.
The orb spider is severely wounded.
You are caught in the web!
The orb spider begins to weave its threads into a brightly glowing ball.
There is a web here.
You disentangle yourself.
The orb of destruction hits you!
Ouch! That really hurt!
You die...

**** *,,** ******* *,,,
**,,,*,**
,,,,,*,,.,,,,*####
,,,,,*,...,,###.s#
,,,,,,,^...,#....#####
,,,,,,,.....#^.§@.#..#
,,,,,,.......§§.###.^###
,,,,,,.....^§..^......^#
,,,,,,.....§§.........##
,,,,,,,.............%##
,,,,,,,....§..^......# ,
,,,,,....§....%....##
,,,,,,,,...§.....§%...###
,,,,,,,,....§§§.........###


You could see an orb spider.

Vanquished Creatures
  Norris (Spider:3)
  Arachne (Spider:2)
  Rupert (Lair:3)
  Wiglaf (Spider:2)
  An emperor scorpion (Spider:1)
  6 hydras
  Harold (Lair:2)
  13 death yaks
  15 orb spiders
  Joseph (Lair:1)
  15 wolf spiders
  2 red wasps
  22 elephants
  3 black mambas
  8 spiny frogs
  3 feature mimics
  5 demonic crawlers
  A troll (D:9)
  A fire drake (Lair:5)
  19 jumping spiders
  6 komodo dragons
  A queen bee (Lair:4)
  11 blink frogs
  10 trapdoor spiders
  15 redbacks
  8 tarantellas
  A basilisk (Lair:4)
  2 formicids
  29 yaks
  A mermaid (Lair:4)
  A hill giant zombie (D:9)
  A wyvern (Lair:3)
  13 sharks
  6 boulder beetles
  A hill giant skeleton (D:8)
  2 hogs (D:9)
  11 hippogriffs
  3 swamp worms (Lair:3)
  A hungry ghost (D:9)
  Edmund (D:5)
  8 wolves
  2 yellow wasps
  3 elephant slugs
  10 porcupines
  A human (D:9)
  A phantom (D:8)
  2 sky beasts
  3 ice beasts
  3 centaurs
  5 ogres
  15 crocodiles
  2 giant goldfish (Lair:4)
  14 big kobolds (D:8)
  7 giant frogs
  9 giant slugs
  11 water moccasins
  2 boring beetles
  A brain worm (Lair:6)
  3 agate snails
  40 killer bees
  A troll skeleton (D:7)
  6 electric eels
  A quasit (D:5)
  3 goliath beetles
  7 big fish
  A crimson imp (D:6)
  14 spiders
  4 wights (D:6)
  4 orc priests
  10 hounds
  3 jellies
  2 giant frog skeletons
  3 orc wizards
  2 water moccasin zombies (Ossuary)
  6 iguanas
  6 worker ants
  7 scorpions
  13 sheep
  A big kobold zombie (Ossuary)
  A sky beast zombie (D:5)
  A hound zombie (D:9)
  A hound skeleton (D:5)
  2 mummies (Ossuary)
  25 adders
  10 gnolls
  5 giant centipedes
  26 green rats
  A worm zombie (D:9)
  4 giant mites
  7 worms
  An adder skeleton (D:9)
  4 adder zombies
  An iguana zombie (D:5)
  6 giant geckos
  2 oozes
  29 orcs
  A ball python (D:4)
  15 goblins
  15 hobgoblins
  26 jackals
  30 kobolds
  20 bats
  4 giant cockroaches
  A giant mite zombie (D:5)
  4 giant newts
  2 gnoll zombies (Ossuary)
  6 hobgoblin zombies
  11 kobold zombies (Ossuary)
  An orc skeleton (D:4)
  9 orc zombies
  10 quokkas
  A quokka skeleton (D:7)
  19 rats
  A rat skeleton (D:4)
  A butterfly (D:8)
783 creatures vanquished.

Vanquished Creatures (others)
  A fire drake (Lair:8)
  2 jumping spiders
  A trapdoor spider (Spider:3)
  2 electric eels
  A spider (Spider:5)
  A rat (D:4)
  8 fungi
  A plant (Lair:5)
17 creatures vanquished.

Grand Total: 800 creatures vanquished

Notes
Turn   | Place    | Note
--------------------------------------------------------------
     0 | D:1      | Psiweapon, the Gargoyle Fighter, began the quest for the Orb.
     0 | D:1      | Reached XP level 1. HP: 14/14 MP: 1/1
   185 | D:1      | Reached XP level 2. HP: 19/19 MP: 2/2
   620 | D:1      | Reached XP level 3. HP: 23/23 MP: 3/3
  1098 | D:2      | Reached skill level 4 in Shields
  1168 | D:2      | Reached XP level 4. HP: 27/29 MP: 4/4
  1993 | D:3      | Reached XP level 5. HP: 20/33 MP: 5/5
  2114 | D:3      | Noticed an ice beast
  2214 | D:3      | Noticed a sky beast
  2231 | D:3      | Killed a sky beast
  2252 | D:3      | Reached XP level 6. HP: 37/39 MP: 6/6
  2814 | D:4      | Found Pnyn's Magic Scroll Boutique.
  2850 | D:4      | Bought a scroll of curse jewellery for 24 gold pieces
  2850 | D:4      | Bought a scroll of fear for 42 gold pieces
  2850 | D:4      | Bought a scroll of magic mapping for 42 gold pieces
  2850 | D:4      | Bought a scroll of teleportation for 36 gold pieces
  2850 | D:4      | Bought a scroll of noise for 12 gold pieces
  2850 | D:4      | Bought a scroll of fog for 24 gold pieces
  2850 | D:4      | Bought a scroll of identify for 24 gold pieces
  2951 | D:4      | Found a bloodstained altar of Trog.
  3058 | D:4      | Found Festag's Antique Weapon Shoppe.
  3090 | D:4      | Reached skill level 5 in Shields
  3120 | D:4      | Found Friamasch's Magic Scroll Boutique.
  3134 | D:4      | Found Kulu's Book Shoppe.
  3683 | D:4      | Reached skill level 5 in Armour
  3683 | D:4      | Reached XP level 7. HP: 42/44 MP: 7/7
  3920 | D:4      | Found Granunuy's Antique Weapon Boutique.
  3969 | D:4      | Found a shattered altar of Ashenzari.
  4011 | D:5      | Entered Level 5 of the Dungeon
  4082 | D:5      | Found Duerur's Assorted Antiques.
  4090 | D:5      | Bought a runed mace for 81 gold pieces
  4164 | D:5      | Found an iron altar of Okawaru.
  4170 | D:5      | Found a basalt altar of Yredelemnul.
  4176 | D:5      | Became a worshipper of Warmaster Okawaru
  4182 | D:5      | Found a burning altar of Makhleb.
  4185 | D:5      | Found an ancient bone altar of Kikubaaqudgha.
  4188 | D:5      | Reached skill level 5 in Fighting
  4206 | D:5      | Noticed Edmund
  4249 | D:5      | Killed Edmund
  4534 | D:5      | Reached skill level 5 in Maces & Flails
  4635 | D:5      | Acquired Okawaru's first power
  4956 | D:5      | Reached skill level 6 in Shields
  4956 | D:5      | Reached XP level 8. HP: 38/51 MP: 8/8
  5452 | D:6      | Killed an ice beast
  6300 | D:7      | Found a staircase to the Ecumenical Temple.
  6359 | D:7      | Reached skill level 7 in Shields
  6359 | D:7      | Reached XP level 9. HP: 50/56 MP: 9/9
  6791 | D:7      | Found a sand-covered staircase.
  6896 | Ossuary  | Entered an ossuary
  7818 | D:8      | Reached skill level 8 in Armour
  8150 | D:8      | Reached XP level 10. HP: 62/64 MP: 10/10
  8337 | D:8      | Found Fiehoil's Antique Armour Shop.
  8559 | D:8      | Acquired Okawaru's second power
  8658 | D:8      | Reached skill level 9 in Armour
  8674 | D:8      | Found a white marble altar of Elyvilon.
  9331 | D:9      | Found a staircase to the Lair.
  9335 | D:9      | Noticed an elephant
  9335 | D:9      | Noticed an elephant
  9335 | D:9      | Noticed an elephant
  9335 | D:9      | Noticed an elephant
  9336 | D:9      | Noticed an elephant
  9336 | D:9      | Noticed an elephant
  9336 | D:9      | Noticed an elephant
  9337 | D:9      | Noticed an elephant
  9339 | Lair:1   | Entered Level 1 of the Lair of Beasts
  9356 | Lair:1   | Killed an elephant
  9412 | Lair:1   | Noticed Joseph
  9419 | Lair:1   | Killed Joseph
  9419 | Lair:1   | Received a gift from Okawaru
  9458 | Lair:1   | Reached XP level 11. HP: 62/71 MP: 11/11
  9695 | Lair:1   | Noticed a seven-headed hydra
  9705 | Lair:1   | Killed a seven-headed hydra
 10259 | Lair:2   | Reached skill level 10 in Armour
 10386 | Lair:2   | Received a gift from Okawaru
 10434 | Lair:2   | Reached skill level 10 in Shields
 10438 | Lair:2   | Reached skill level 10 in Fighting
 10438 | Lair:2   | Reached skill level 1 in Invocations
 10444 | Lair:2   | Reached skill level 10 in Maces & Flails
 11155 | Lair:2   | Noticed a seven-headed hydra
 11166 | Lair:2   | Killed a seven-headed hydra
 11166 | Lair:2   | Reached skill level 5 in Invocations
 11226 | Lair:2   | Noticed Harold
 11244 | Lair:2   | Killed Harold
 11709 | Lair:3   | Found a staircase to the Swamp.
 11811 | Lair:3   | Reached XP level 12. HP: 67/77 MP: 22/24
 11840 | Lair:3   | Reached skill level 1 in Evocations
 11865 | Lair:3   | Received a gift from Okawaru
 12005 | Lair:3   | Noticed Rupert
 12006 | Lair:3   | Paralysed by Rupert for 4 turns
 12037 | Lair:3   | Killed Rupert
 12960 | Lair:4   | Found a staircase to the Shoals.
 13386 | Lair:4   | Reached skill level 11 in Shields
 13472 | Lair:4   | Found a hole to the Spider Nest.
 14410 | Lair:5   | Noticed a death yak
 14411 | Lair:5   | Noticed a death yak
 14411 | Lair:5   | Noticed a death yak
 14430 | Lair:5   | Noticed a death yak
 14432 | Lair:5   | Killed a death yak
 14432 | Lair:5   | Received a gift from Okawaru
 14433 | Lair:5   | Got a warped cloak {god gift}
 14440 | Lair:5   | Noticed a death yak
 14470 | Lair:5   | Killed a death yak
 14478 | Lair:5   | Killed a death yak
 14486 | Lair:5   | Killed a death yak
 14486 | Lair:5   | Reached skill level 5 in Evocations
 14486 | Lair:5   | Reached XP level 13. HP: 54/84 MP: 23/25
 14496 | Lair:5   | Killed a death yak
 15022 | Lair:5   | Identified the +0 cloak of the Accordion {+Rage rElec rF+ MR++} (Okawaru gifted it to you on level 5 of the Lair of Beasts)
 15236 | Lair:3   | the staircase to the Swamp was a mimic.
 16719 | Lair:7   | Reached skill level 12 in Shields
 16751 | Lair:7   | Received a gift from Okawaru
 16791 | Lair:7   | Got a faintly glowing scale mail {god gift}
 18052 | Lair:7   | Found a viscous altar of Jiyva.
 18052 | Lair:7   | Found a staircase to the Slime Pits.
 18258 | Lair:8   | Entered Level 8 of the Lair of Beasts
 19224 | Lair:7   | Identified the -4 scale mail of the Lobster {rElec} (Okawaru gifted it to you on level 7 of the Lair of Beasts)
 19267 | Lair:8   | Gained mutation: Your wings are large and strong. [gargoyle growth]
 19267 | Lair:8   | Reached XP level 14. HP: 76/92 MP: 26/26
 19935 | D:9      | Killed an elephant
 19953 | D:9      | Killed an elephant
 19965 | D:9      | Killed an elephant
 19968 | D:9      | Killed an elephant
 19983 | D:9      | Killed an elephant
 19983 | D:9      | Received a gift from Okawaru
 19989 | D:9      | Got an ancient helmet {god gift}
 20036 | D:9      | Identified the -2 helmet of the Abyss {+Blink rN+ Stlth} (Okawaru gifted it to you on level 9 of the Dungeon)
 20045 | D:9      | Killed an elephant
 20343 | D:9      | Killed an elephant
 20533 | D:9      | Found Heziuppa's Magical Wand Emporium.
 20843 | D:4      | Bought a polished flail for 272 gold pieces
 21004 | D:4      | Bought a scroll of identify for 24 gold pieces
 21006 | D:4      | Identified the +8,+8 flail "Babb" {vamp, SInv Stlth+} (You bought it in a shop on level 4 of the Dungeon)
 21069 | D:4      | Bought a scroll of identify for 28 gold pieces
 21148 | D:5      | Bought a scroll labeled NEKLOWN MILI for 27 gold pieces
 21229 | D:4      | Bought a scroll of identify for 28 gold pieces
 21788 | D:9      | Found a shimmering altar of Xom.
 21788 | D:9      | Found a glowing golden altar of the Shining One.
 21831 | D:10     | Entered Level 10 of the Dungeon
 22192 | D:10     | Noticed Nergalle
 22279 | D:10     | Noticed johnnyringsting's ghost (experienced MiAr)
 22282 | D:10     | Noticed Erica
 22962 | Lair:8   | Reached skill level 13 in Fighting
 23324 | Lair:2   | Upgraded the game from 0.14-a0-2737-gb10a4c8 to 0.14-a0-2746-g43b4f9c
 23448 | Spider:1 | Entered Level 1 of the Spider Nest
 23954 | Spider:1 | Noticed an emperor scorpion
 24005 | Spider:1 | Killed an emperor scorpion
 24506 | Spider:1 | Received a gift from Okawaru
 24947 | Spider:2 | Reached XP level 15. HP: 97/99 MP: 27/27
 25190 | Spider:2 | Noticed Wiglaf
 25516 | Spider:2 | Noticed Arachne
 25547 | Spider:2 | Killed Arachne
 25547 | Spider:2 | Received a gift from Okawaru
 25547 | Spider:2 | Reached skill level 14 in Armour
 25551 | Spider:2 | Got a slimy plate armour {god gift}
 25561 | Spider:2 | Identified the -15 plate armour "Ceicka" {Stlth++} (Okawaru gifted it to you on level 2 of the Spider Nest)
 25730 | Spider:2 | Killed Wiglaf
 26267 | Spider:3 | Noticed Roxanne
 26388 | Spider:3 | Noticed Norris
 26441 | Spider:3 | Killed Norris
 26993 | Spider:3 | Reached skill level 10 in Evocations
 27919 | Spider:5 | Entered Level 5 of the Spider Nest
 28999 | Spider:5 | Received a gift from Okawaru
 29009 | Spider:5 | Blown up by an orb spider

Action                   |  1- 3 |  4- 6 |  7- 9 | 10-12 | 13-15 || total
-------------------------+-------+-------+-------+-------+-------++-------
Melee: Mace              |   138 |   300 |   144 |    38 |     5 ||   625
       Flail             |       |       |   466 |   902 |  1657 ||  3025
       Morningstar       |       |       |       |   300 |   390 ||   690
       Broad axe         |       |       |       |       |    10 ||    10
 Fire: Sling             |       |    12 |       |       |       ||    12
       Crossbow          |       |       |       |     6 |    12 ||    18
Throw: Javelin           |    12 |    22 |    38 |    23 |    40 ||   135
       Tomahawk          |       |       |       |       |    18 ||    18
Invok: Heroism           |       |       |       |     8 |    14 ||    22
       Finesse           |       |       |       |     4 |     7 ||    11
 Abil: Evoke Blink       |       |       |       |       |     7 ||     7
       Fly               |       |       |       |       |     1 ||     1
       Evoke Berserk Rag |       |       |       |       |     1 ||     1
Evoke: Wand              |       |       |     7 |    16 |    13 ||    36
  Use: Scroll            |       |    10 |     3 |     5 |    27 ||    45
       Potion            |       |       |     1 |     2 |     6 ||     9
 Stab: Confused          |       |       |       |       |     3 ||     3
